 Dungeon Crawl Stone Soup version 0.26-a0-466-g989023bd0d (webtiles) character file.

Game seed: 2239189602116455423

337 vatarom the Changer (level 6, -1/39 HPs)
             Began as an Octopode Transmuter on Aug 11, 2020.
             Was an Initiate of Gozag.
             Slain by a jelly (3 damage)
             ... on level 5 of the Dungeon.
             The game lasted 00:08:25 (5164 turns).

vatarom the Changer (Octopode Transmuter)           Turns: 5164, Time: 00:08:26

Health: -1/39      AC: -3    Str: 10    XL:     6   Next: 54%
Magic:  9/9        EV: 13    Int: 15    God:    Gozag
Gold:   480        SH:  0    Dex: 14    Spells: 1/9 levels left

rFire    . . .     SeeInvis .     - Unarmed
rCold    . . .     Faith    .   (no shield)
rNeg     . . .     Spirit   .   (helmet restricted)
rPois    .         Reflect  .   (no amulet)
rElec    .         Harm     .   m - ring of protection from magic
rCorr    .                      (no ring)
MR       +....                  (no ring)
Stlth    +++.......             (no ring)
HPRegen  0.13/turn              (no ring)
MPRegen  0.11/turn              (no ring)
                                (no ring)
                                (no ring)

@: corroded, invisible
A: almost no armour, stealthy swim, amphibious, 8 rings, constrict 8, camouflage
1, gelatinous body 1
a: Potion Petition, Call Merchant, Bribe Branch, Renounce Religion


You were on level 5 of the Dungeon.
You worshipped Gozag.
Gozag was aware of your devotion.
You visited 1 branch of the dungeon, and saw 5 of its levels.

You collected 509 gold pieces.
You paid 29 gold pieces to Gozag.

Inventory:

Jewellery
 m - a ring of protection from magic (left tentacle)
Scrolls
 c - 3 scrolls of identify {@r1}
 d - a scroll of enchant armour {unknown}
 f - 2 scrolls of fear {unknown}
 g - a scroll of enchant weapon {unknown}
 i - a scroll of noise {unknown}
 j - 2 scrolls of fog {unknown}
 k - 3 scrolls of teleportation {unknown}
 l - a scroll of amnesia {unknown}
 o - a scroll of remove curse {unknown}
Potions
 a - a potion of stabbing {unknown}
 b - a potion of invisibility
 e - 2 potions of flight {unknown}
 h - a potion of resistance {unknown}
 n - a potion of magic {unknown}


   Skills:
 + Level 2.1 Fighting
 - Level 2.0 Dodging
 - Level 3.0 Stealth
 - Level 4.2 Unarmed Combat
 - Level 2.0 Spellcasting
 * Level 4.6 Transmutations
 - Level 2.0 Poison Magic


You had one spell level left.
You knew the following spells:

 Your Spells              Type           Power        Failure   Level
a - Beastly Appendage     Tmut           ###...       3%          1
b - Spider Form           Tmut/Pois      ##........   17%         3
c - Ice Form              Ice/Tmut       #.......     65%         4

Your spell library contained the following spells:

 Spells                   Type           Power        Failure   Level
 Magic Dart               Conj           #...         22%         1
 Wereblood                Tmut           ###.....     4%          2
 Searing Ray              Conj           #.....       32%         2
 Dazzling Flash           Conj/Hex       #.....       54%         3
 Blade Hands              Tmut           ###.......   67%         5
 Fulminant Prism          Conj/Hex       #.........   91%         4
 Iskenderun's Mystic Bla  Conj/Tloc      #.......     91%         4


Dungeon Overview and Level Annotations

Branches:
Dungeon (5/15)
 Temple: D:4-7

Altars:
Gozag
Makhleb
Okawaru
Ru

Annotations:
D:1 exclusion: gnoll
D:3 Sigmund
D:4 exclusion: sky beast


Innate Abilities, Weirdness & Mutations

You cannot wear most types of armour.
You are very stealthy in the water. (Stealth+)
You are amphibious.
You can wear up to eight rings at the same time.
You can use your tentacles to constrict eight enemies at once.
Your skin changes colour to match your surroundings (Stealth+).
Your rubbery body absorbs attacks. (AC +1, EV +1)


Message History

You tentacle-slap the jelly.
Your tentacles burn!
The jelly is lightly wounded.
The jelly hits you.
You are splashed with acid!
You tentacle-slap the jelly.
Your tentacles burn!
The jelly is heavily wounded.
The jelly hits you. The acid corrodes you!
You are splashed with acid!
* * * LOW HITPOINT WARNING * * *
You aren't carrying any items that you can evoke.
Okay, then.
As you read the scroll labeled KIELIN LOUME, it crumbles to dust.
It is a scroll of identify.
b - 2 potions of invisibility The jelly hits you.
* * * LOW HITPOINT WARNING * * *
You are splashed with acid!
* * * LOW HITPOINT WARNING * * *
You fade into invisibility!
The jelly hits you.
You die...
Your body crumbles into a pile of gold.

###)# ..#.# #.#.#
### #.#.# ...
#.#.# #.##.#.#
###
#.....[###....
######..).....#
#....<..J@....#
#.####...........
#..........#
#........#.#
#...........
#..........#
####.##..... #.#
.#..#


You could see a jelly.

Vanquished Creatures
  An ogre (D:4)
  A hound (D:3)
  An iguana (D:4)
  2 worker ants
  4 adders
  A worm (D:2)
  2 dart slugs
  4 leopard geckos
  12 orcs
  2 ball pythons
  5 giant cockroaches
  11 goblins
  7 hobgoblins
  7 jackals
  4 kobolds
  2 quokkas (D:2)
  8 bats
  7 frilled lizards
  A jackal skeleton (D:4)
  6 rats
88 creatures vanquished.

Notes
Turn   | Place    | Note
-------+----------+-------------------------------------------
     0 | D:1      | vatarom the Octopode Transmuter began the quest for the
                  | Orb.
     0 | D:1      | Reached XP level 1. HP: 13/13 MP: 3/3
     6 | D:1      | Noticed a polar bear
     6 | D:1      | Noticed a worker ant
     7 | D:1      | Noticed a black mamba
   315 | D:1      | Reached skill level 1 in Stealth
   399 | D:1      | Reached XP level 2. HP: 18/18 MP: 3/5
   696 | D:1      | Reached XP level 3. HP: 15/23 MP: 6/6
   701 | D:1      | Learned a level 3 spell: Spider Form
  1539 | D:2      | Reached skill level 1 in Poison Magic
  1829 | D:2      | Reached XP level 4. HP: 21/28 MP: 5/7
  2048 | D:2      | Found an opulent altar of Gozag.
  2048 | D:2      | Found a sacrificial altar of Ru.
  2052 | D:2      | Became a worshipper of Gozag Ym Sagoz the Greedy
  2164 | D:2      | Found a faded altar of an unknown god.
  2782 | D:2      | Found a burning altar of Makhleb.
  3143 | D:3      | Noticed Sigmund
  3274 | D:3      | Reached XP level 5. HP: 21/33 MP: 6/8
  4187 | D:3      | You fall into a shaft and drop 2 floors!
  4187 | D:5      | Entered Level 5 of the Dungeon
  4232 | D:4      | Noticed a sky beast
  4465 | D:3      | Learned a level 4 spell: Ice Form
  4764 | D:4      | Noticed an ogre
  4783 | D:4      | Reached XP level 6. HP: 32/38 MP: 4/9
  5075 | D:4      | Found an iron altar of Okawaru.
  5164 | D:5      | Slain by a jelly

Illustrated notes

Levels and vault maps discovered:
D:1:      onia_arrival_zoo_common, layout_basic
D:2:      layout_loops_ring, lemuel_coloured_pillars_altar,
          gammafunk_temple_overflow_elements, chequers_ecumenical_altar_simple
D:3:      layout_loops_corners, uniq_sigmund
D:4:      layout_cave_pools, kennysheep_mini
D:5:      layout_loops_cross, lemuel_round_altar, lemuel_round_altar,
          uniq_grinder

Skill      XL: |  1  2  3  4  5  6 |
---------------+-------------------+-----
Stealth        | 1 2 3 |  3.0
Poison Magic   | 1 2 |  2.0
Transmutations | 3 4 |  4.6
Unarmed Combat | 4 |  4.2
Fighting       | 2 |  2.1
Dodging        | |  2.0
Spellcasting   | |  2.0

Action                   |  1- 3 |  4- 6 || total
-------------------------+-------+-------++-------
Melee: Unarmed           |    84 |   109 ||   193
       Constrict         |    24 |    25 ||    49
       Kick              |    14 |    11 ||    25
       Tentacles         |     9 |    18 ||    27
       Punch             |     1 |       ||     1
 Cast: Beastly Appendage |    11 |    12 ||    23
       Spider Form       |       |     8 ||     8
 Abil: End Transformatio |       |     2 ||     2
  Use: Potion            |       |     3 ||     3
       Scroll            |       |     1 ||     1
 Stab: Sleeping          |    11 |     9 ||    20
       Distracted        |       |     1 ||     1
Armor: Skin              |     8 |     3 ||    11
Dodge: Dodged            |    48 |    66 ||   114

Table legend: (Time is in decaauts)
 A = Elapsed time spent in this place.
 B = Non-inter-level travel time spent in this place.
 C = Inter-level travel time spent in this place.
 D = Time resting spent in this place.
 E = Time spent auto-exploring this place.
 F = Levels seen in this place.
 G = Mean time per level.
                   A        B        C        D        E       F      G
               +--------+--------+--------+--------+--------+-----+--------+
         Total |   5153 |   4855 |    298 |    100 |   4104 |   5 | 1030.6 |
       Dungeon |   5153 |   4855 |    298 |    100 |   4104 |   5 | 1030.6 |
               +--------+--------+--------+--------+--------+-----+--------+

Top non-repeatable levels by time:
     D:3: 1612 daAuts
     D:1: 1512 daAuts
     D:2: 1319 daAuts
     D:4: 695 daAuts
     D:5: 14 daAuts
